 Dungeon Crawl Stone Soup version 0.31-a0-702-gf82c85558f (webtiles) character file.

Game seed: 12584560403341542705

57 runemasterragnar the Ruffian (level 4, -5/29 HPs)
             Began as an Octopode Shapeshifter on Sept 8, 2023.
             Was a Follower of Sif Muna.
             Slain by a gnoll
             ... wielding a +3 flail
              (6 damage)
             ... on level 2 of the Dungeon.
             The game lasted 00:01:18 (1007 turns).

runemasterragnar the Ruffian (OpSh)                 Turns: 1007, Time: 00:01:18

Health: -5/29      AC:  1    Str: 15    XL:     4   Next: 0%
Magic:  4/4        EV: 13    Int: 12    God:    Sif Muna [*.....]
Gold:   45         SH:  0    Dex: 11    Spells: 3/3 levels left

rFire   . .          .
                       - Unarmed
rCold   . . .        (no shield)
rNeg    . . .        (helmet currently unavailable)
rPois   .            (no amulet)
rElec   .            (no ring)
rCorr   .            (no ring)
SInv    .            (no ring)
Will    .....        (no ring)
Stlth   +++          (no ring)
HPRegen 0.24/turn    (no ring)
MPRegen 0.09/turn    (no ring)
                     (no ring)

%: no passive effects
@: beast-form
A: beast (slay +1), almost no armour, amphibious, 8 rings, camouflage 1,
gelatinous body 1, (nimble swimmer 1), tentacles
a: Begin Untransformation, Renounce Religion, Channel Magic


You were on level 2 of the Dungeon.
You worshipped Sif Muna.
Sif Muna was aware of your devotion.
You were a hulking beast.
You visited 1 branch of the dungeon, and saw 2 of its levels.

You collected 45 gold pieces.

Inventory:

Jewellery
 e - an amulet of guardian spirit
Talismans
 b - a beast talisman (active)
 c - a flux talisman
Potions
 a - a potion of lignification
 d - a potion of invisibility {unknown}
 f - a potion of curing {unknown}


   Skills:
 + Level 1.7 Fighting
 + Level 2.5 Dodging
 + Level 2.0 Stealth
 + Level 3.3 Unarmed Combat
 + Level 3.3 Shapeshifting


You had 3 spell levels left.
You didn't know any spells.
Your spell library contained the following spells:

 Spells                   Type           Power      Damage    Failure   Level
 Slow                     Hex            0%         N/A       32%         1
 Confusing Touch          Hex            0%         N/A       69%         3
 Sigil of Binding         Hex            0%         N/A       69%         3
 Vampiric Draining        Necr           0%         2d6       69%         3


Dungeon Overview and Level Annotations

Branches:
Dungeon (2/15)

Altars:
Sif Muna

Shops:
D:1 :


Innate Abilities, Weirdness & Mutations

You are a hulking beast.
Your limbs bulge with bestial killing power. (Slay +1)
You cannot wear most types of armour.
You are amphibious.
You can wear up to eight rings at the same time.
Your skin changes colour to match your surroundings (Stealth+).
Your rubbery body absorbs attacks. (AC +1, EV +1)
((You are camouflaged when in or above water. (Stealth+)))
You have tentacles for arms and can constrict up to eight enemies at once.


Message History

You kill the gnoll!
Sif Muna accepts your kill.
The gnoll hits you from afar with a +0 spear.
A gnoll comes into view. It is wielding a +3 flail.
The gnoll barely misses you.
You tentacle-slap the gnoll. Your grab misses the gnoll.
Your squeeze misses the gnoll.
The gnoll is heavily wounded.
The gnoll closely misses you.
You tentacle-slap the gnoll. You grab the gnoll.
The gnoll is severely wounded.
You constrict the gnoll. The gnoll hits you with a +0 spear.
You are too injured to fight recklessly!
You are too injured to fight recklessly!
You are too injured to fight recklessly!
You tentacle-slap the gnoll.
The gnoll is almost dead.
You constrict the gnoll.
You kill the gnoll!
Sif Muna accepts your kill.
Your Stealth skill increases to level 2!
You have reached level 4!
You see here a +0 spear.
You bludgeon the gnoll! Your grab misses the gnoll.
Your tentacle-slap misses the gnoll.
Your squeeze misses the gnoll.
The gnoll is heavily wounded.
The gnoll barely misses you.
You tentacle-slap the gnoll. Your grab misses the gnoll.
Your squeeze misses the gnoll.
The gnoll is severely wounded.
The gnoll hits you with a +3 flail.
* * * LOW HITPOINT WARNING * * *
You closely miss the gnoll. Your grab misses the gnoll.
The gnoll is severely wounded.
The gnoll hits you with a +3 flail.
* * * LOW HITPOINT WARNING * * *
You tentacle-slap the gnoll. You grab the gnoll.
The gnoll is almost dead.
You constrict the gnoll. The gnoll hits you with a +3 flail.
You die...

#######
#.....#
##.~~~.##
#..~_~..##
#..~~~...##
#......)..#
#...#.....#
###.#.h..<#
#.#g#####
....# #...#
#.... ...##
.#.# '.#'


You could see a gnoll.

Vanquished Creatures
  2 gnolls (D:2)
  A dart slug (D:1)
  3 ball pythons (D:1)
  2 endoplasms (D:1)
  A giant cockroach (D:1)
  4 goblins (D:1)
  3 hobgoblins (D:1)
  2 jackals (D:1)
  4 kobolds (D:1)
  A quokka (D:1)
  3 bats (D:1)
  3 frilled lizards (D:1)
  7 rats (D:1)
36 creatures vanquished.

Notes
Turn   | Place    | Note
-------+----------+-------------------------------------------
     0 | D:1      | runemasterragnar the Octopode Shapeshifter began the quest
                  | for the Orb.
     0 | D:1      | Reached XP level 1. HP: 13/13 MP: 1/1
    76 | D:1      | Reached XP level 2. HP: 18/18 MP: 2/2
   174 | D:1      | Reached skill level 1 in Stealth
   502 | D:1      | Found Mennaekh's Book Shop.
   613 | D:1      | Reached XP level 3. HP: 23/23 MP: 3/3
   982 | D:2      | Found a faded altar of an unknown god.
   992 | D:2      | Prayed at the altar of an unknown god.
   992 | D:2      | Became a worshipper of Sif Muna the Loreminder
   992 | D:2      | Reached * piety under Sif Muna
  1003 | D:2      | Reached XP level 4. HP: 12/29 MP: 4/4
  1006 | D:2      | HP: 1/29 [gnoll/+3 flail (6)]
  1007 | D:2      | Slain by a gnoll

Illustrated notes

Levels and vault maps discovered:
D:1:      minmay_arrival_doors, layout_loops_corners, serial_shops,
          nicolae_shop_rolling_square, amcnicky_mini_rare_corridor_liquid,
          minmay_tetromino_o4
D:2:      layout_basic, hellmonk_ecumenical_altar_pennies_from_heaven,
          grunt_ministairs_10

Skill      XL: |  1  2  3 |
---------------+----------+-----
Stealth        | 1 2 |  2.0
Fighting       | |  1.7
Dodging        | |  2.5
Unarmed Combat | |  3.3
Shapeshifting  | |  3.3

Action                     |  1- 3 |  4- 6 || total
---------------------------+-------+-------++-------
  Melee: Unarmed           |    64 |     4 ||    68
         Constrict         |    13 |     1 ||    14
         Tentacles         |     9 |       ||     9
   Stab: Sleeping          |     7 |       ||     7
 Armour: Skin              |    22 |     3 ||    25
  Dodge: Dodged            |    33 |     1 ||    34

Table legend: (Time is in decaauts)
 A = Elapsed time spent in this place.
 B = Non-inter-level travel time spent in this place.
 C = Inter-level travel time spent in this place.
 D = Time resting spent in this place.
 E = Time spent auto-exploring this place.
 F = Levels seen in this place.
 G = Mean time per level.
                   A        B        C        D        E       F      G
               +--------+--------+--------+--------+--------+-----+--------+
         Total |   1002 |    990 |     12 |      0 |    812 |   2 |  501.0 |
       Dungeon |   1002 |    990 |     12 |      0 |    812 |   2 |  501.0 |
               +--------+--------+--------+--------+--------+-----+--------+

Top non-repeatable levels by time:
     D:1: 978 daAuts
     D:2: 24 daAuts
